 Dungeon Crawl Stone Soup version 0.25-a0-834-g55863b0b92 (webtiles) character file.

Game seed: 5947562405906327445, levelgen mode: deterministic

23746 Maedhros the Prestidigitator (level 13, -46/86 HPs)
             Began as an Octopode Artificer on Apr 23, 2020.
             Was the Champion of Ru.
             Annihilated by an ettin
             ... wielding a +0 dire flail
              (49 damage)
             ... on level 1 of the Orcish Mines.
             The game lasted 00:34:45 (17810 turns).

Maedhros the Prestidigitator (Octopode Artificer)  Turns: 17810, Time: 00:34:45

Health: -46/86     AC:  1    Str: 11    XL:     13   Next: 8%
Magic:  21/21      EV: 17    Int: 16    God:    Ru [******]
Gold:   1063       SH: 14    Dex: 17    Spells: 4/12 levels left

rFire    x . .     SeeInvis .   Q - +8 trident (flame)
rCold    + . .     Gourm    .   m - +1 kite shield
rNeg     . . .     Faith    .   (helmet restricted)
rPois    +         Spirit   .   j - +2 amulet of reflection
rElec    .         Reflect  +   L - ring of poison resistance
rCorr    .         Harm     .   I - ring of ice
MR       .....                  (no ring)
Stlth    ..........             (no ring)
HPRegen  0.00/turn              (no ring)
MPRegen  0.17/turn              (no ring)
                                (no ring)
                                (no ring)

@: lightly drained
A: almost no armour, stealthy swim, amphibious, 8 rings, constrict 8, camouflage
1, clever 1, inhibited regeneration, gelatinous body 1, no stealth, magic
vulnerability 2, unskilled 1, inexperienced 1
a: Draw Out Power, Power Leap, Apocalypse, Renounce Religion


You were on level 1 of the Orcish Mines.
You worshipped Ru.
Ru was exalted by your worship.
You were not hungry.

You visited 3 branches of the dungeon, and saw 14 of its levels.
You also visited: Ice Cave.

You collected 1123 gold pieces.
You spent 60 gold pieces at shops.

Inventory:

Hand Weapons
 a - a +0 short sword
 g - a +3 flail of protection
 h - a +2 short sword of protection
 M - the +1 whip "Buogay" {speed, rPois rF+ MR+ Str+4}
   (You found it on level 9 of the Dungeon)

   Attacks with this weapon are significantly faster.
   It affects your strength (+4).
   It protects you from fire.
   It protects you from poison.
   It affects your resistance to hostile enchantments.
 Q - a +8 trident of flaming (weapon)
Missiles
 u - 13 curare-tipped darts (quivered)
Armour
 m - a +1 kite shield (worn)
 v - a +0 buckler
 E - a +0 hat
Jewellery
 j - a +2 amulet of reflection (around mantle)
 l - an uncursed ring of fire
 I - a ring of ice (right tentacle)
 L - a ring of poison resistance (left tentacle)
 N - an uncursed amulet of magic regeneration
 O - an uncursed amulet of rage {unknown}
Wands
 b - a wand of flame (22)
 k - a wand of digging (13)
 s - a wand of scattershot (3)
 t - a wand of disintegration (13)
 C - a wand of clouds (4)
 F - a wand of polymorph (8)
 K - a wand of iceblast (6)
Scrolls
 e - 7 scrolls of teleportation
 i - 2 scrolls of noise {unknown}
 o - 8 scrolls of remove curse {unknown}
 p - 2 scrolls of blinking
 q - 2 scrolls of amnesia {unknown}
 r - 2 scrolls of fear {unknown}
 D - a scroll of acquirement {unknown}
 G - a scroll of vulnerability {unknown}
 H - 3 scrolls of magic mapping {unknown}
Potions
 c - 2 potions of cancellation
 n - 2 potions of invisibility
 w - a potion of heal wounds
 x - a potion of might
 z - 4 potions of brilliance
 A - 2 potions of flight
 B - 2 potions of berserk rage
 J - a potion of magic
 P - a potion of ambrosia {unknown}
Miscellaneous
 d - a phantom mirror
Comestibles
 f - 25 rations


   Skills:
 - Level 7.5(7.1) Fighting
 - Level 0.8(0.5) Short Blades
 * Level 3.9(3.5) Polearms
 - Level 8.0(7.5) Dodging
 * Level 9.2(8.8) Shields
 - Level 3.1(2.7) Hexes
 - Level 6.5(6.1) Charms
 - Level 3.1(2.8) Ice Magic
 - Level 11.2(10.8) Evocations


You had 4 spell levels left.
You knew the following spells:

 Your Spells              Type           Power        Failure   Level  Hunger
a - Spectral Weapon       Hex/Chrm       ##......     26%         3    ####...
b - Song of Slaying       Chrm           ###.....     7%          2    ###....
c - Ozocubu's Armour      Chrm/Ice       ###.....     26%         3    ####...

Your spell library contained the following spells:

 Spells                   Type           Power        Failure   Level  Hunger
 Infusion                 Chrm           ###.         4%          1    ##.....
 Corona                   Hex            #......      19%         1    ##.....
 Shroud of Golubria       Chrm/Tloc      #.....       24%         2    ###....
 Slow                     Hex            #.......     26%         2    ###....
 Confusing Touch          Hex            #.......     47%         3    ####...
 Beastly Appendage        Tmut           #.....       50%         1    ##.....
 Magic Dart               Conj           #...         50%         1    ##.....
 Summon Small Mammal      Summ           #...         50%         1    ##.....
 Blink                    Tloc           N/A          63%         2    ###....
 Call Imp                 Summ           #.......     63%         2    ###....
 Sticks to Snakes         Tmut           #.......     63%         2    ###....
 Inner Flame              Hex/Fire       #.......     67%         3    ####...
 Portal Projectile        Hex/Tloc       #.....       67%         3    ####...
 Summon Guardian Golem    Hex/Summ       #.......     67%         3    ####...
 Call Canine Familiar     Summ           #.......     86%         3    ####...
 Conjure Flame            Conj/Fire      #.......     86%         3    ####...
 Gell's Gravitas          Tloc           #.........   86%         3    ####...
 Mephitic Cloud           Conj/Pois/Air  #.......     86%         3    ####...
 Spider Form              Tmut/Pois      #.........   86%         3    ####...
 Cause Fear               Hex            #.........   87%         4    #####..
 Ice Form                 Ice/Tmut       #.......     97%         4    #####..
 Leda's Liquefaction      Hex/Erth       #.........   97%         4    #####..
 Summon Ice Beast         Ice/Summ       #.......     97%         4    #####..
 Petrify                  Tmut/Erth      #.......     99%         4    #####..
 Summon Lightning Spire   Summ/Air       #.......     99%         4    #####..
 Metabolic Englaciation   Hex/Ice        ##........   99%         5    ######.
 Blade Hands              Tmut           #.........   100%        5    ######.
 Yara's Violent Unravell  Hex/Tmut       #.........   100%        5    ######.


Dungeon Overview and Level Annotations

Branches:
Dungeon (12/15)            Temple (1/1) D:5            Lair (0/6) D:8
    Orc (1/2) D:9           IceCv (visited)

Altars:
Ashenzari
Cheibriados
Dithmenos
Elyvilon
Fedhas
Gozag
Hepliaklqana
Kikubaaqudgha
Makhleb
Nemelex Xobeh
Okawaru
Qazlal
Ru
Sif Muna
Trog
Uskayaw
Vehumet
Wu Jian
Xom
Yredelemnul
Zin
The Shining One

Shops:
D:6 %   D:7 !   D:9 ([=   D:11 [   D:12 %   Orc:1 }

Portals:
Trove: D:12 (give 3 potions of resistance)

Annotations:
D:9 1 runed translucent door
D:12 exclusion: 3 ice statues


Innate Abilities, Weirdness & Mutations

You cannot wear most types of armour.
You are very stealthy in the water. (Stealth+)
You are amphibious.
You can wear up to eight rings at the same time.
You can use your tentacles to constrict eight enemies at once.
Your skin changes colour to match your surroundings (Stealth+).
Your rubbery body absorbs attacks. (AC +1, EV +1)
You cannot be stealthy.
You are vulnerable to magic. (MR--)
You are somewhat unskilled. (-1 Apt)
You are somewhat inexperienced. (-2 XL)
Your mind is acute. (Int +2)
You do not regenerate when monsters are visible.


Message History

You kill the orc!
You block the orc's attack.
You closely miss the orc. You grab the orc. You constrict the orc.
The orc struggles to escape constriction.
You hit the orc. You burn the orc. You squeeze the orc.
You kill the orc!
You closely miss the orc. You grab the orc. You constrict the orc.
The orc barely misses you.
You hit the orc. You burn the orc. You squeeze the orc.
You kill the orc!
You barely miss the orc. Your grab misses the orc.
The orc is stunned by your will and fails to attack.
You hit the orc. You burn the orc.
You kill the orc!
You swing at nothing.
The ettin hits you with a +0 dire flail!!!
* * * LOW HITPOINT WARNING * * *
The ettin hits you with a +0 great mace!!!
Ouch! That really hurt!
You die...

###........#....## #........#...
.##..............# ##........#.#.
.#...#)....#.##.## #......∩.....#
.........##....######............
...>.....#.......#..###..........
)........#......)............#...
.........o.oo..o.#..........#....
.........#..#.###C..........##...
.............###@........#.#.....
.............# #........#.#......
.....#......#.###...............[
.#....##.......#......[##..[#....
#.............###.......[[..[....
##....#...#...# ####........)....
##.###....#.## ##.#..)><)[.....
### ##..#### #.....[[[)......
#### ##.##...........


You could see an ettin.

Vanquished Creatures
  An orc warlord (D:9)
  Josephine (D:10)
  Fannar (D:10)
  An ice dragon (D:12)
  A hydra (D:9)
  3 two-headed ogres
  A flayed ghost (D:10)
  A wizard (D:11)
  An unseen horror (D:10)
  A deep elf archer (D:10)
  A necromancer (IceCv)
  An ugly thing (D:11)
  Maurice (Orc:1)
  Joseph (D:7)
  3 ice statues
  A kobold demonologist (D:11)
  A komodo dragon (D:11)
  4 ice devils (IceCv)
  A queen bee (D:9)
  3 trolls
  Grinder (D:5)
  A hornet (D:12)
  2 dream sheep (D:9)
  3 hippogriffs
  Sigmund (D:2)
  Eustachio (D:6)
  4 wraiths (D:10)
  2 wyverns (D:11)
  10 yaks
  A soldier ant (D:10)
  4 wargs
  Edmund (D:4)
  Menkaure (D:4)
  Duvessa (D:5)
  2 water moccasins (D:9)
  10 orc warriors
  2 phantoms
  14 ice beasts
  6 sky beasts
  3 necrophages
  6 ogres
  A black bear (D:10)
  4 centaurs
  5 big kobolds
  5 bullfrogs
  A gnoll sergeant (D:5)
  Dowan (D:5)
  2 scorpions
  A jelly (D:6)
  16 killer bees
  5 howler monkeys
  2 crimson imps
  3 bullfrog zombies
  A centaur zombie (D:10)
  4 hounds
  Crazy Yiuf (D:3)
  3 centaur skeletons
  5 orc priests
  11 orc wizards
  3 bullfrog skeletons
  Terence (D:3)
  Jessica (D:2)
  10 worker ants
  Natasha (thrice) (D:3)
  6 iguanas
  A spriggan simulacrum (IceCv)
  4 troll simulacra (IceCv)
  A killer bee zombie (D:6)
  A centaur simulacrum (IceCv)
  2 hound skeletons
  Robin (D:4)
  7 adders
  7 gnolls
  2 naga simulacra (IceCv)
  2 ogre simulacra (IceCv)
  2 oozes
  2 adder skeletons
  An adder zombie (D:8)
  A dart slug (D:2)
  A worm (D:3)
  8 leopard geckos
  47 orcs
  2 ball pythons
  4 giant cockroaches
  16 goblins
  9 hobgoblins
  4 jackals
  5 quokkas
  A ball python skeleton (D:4)
  14 bats
  5 frilled lizards
  A giant cockroach zombie (D:6)
  A jackal skeleton (D:5)
  15 kobolds
  A leopard gecko zombie (D:7)
  A quokka zombie (D:10)
  5 rats
374 creatures vanquished.

Vanquished Creatures (collateral kills)
  A centaur (D:5)
  2 bullfrogs
  A wyvern skeleton (D:7)
  3 killer bees (D:9)
  An orc wizard (D:7)
  A gnoll (D:5)
  A leopard gecko (D:7)
  3 orcs
  A giant cockroach (D:8)
14 creatures vanquished.

Vanquished Creatures (others)
  A two-headed ogre (Orc:1)
  A warg (D:8)
  An ice beast (D:7)
  A killer bee (D:9)
  A centaur zombie (D:7)
  An orc (D:7)
  4 plants (D:9)
10 creatures vanquished.

Grand Total: 398 creatures vanquished

Notes
Turn   | Place    | Note
-------+----------+-------------------------------------------
     0 | D:1      | Maedhros the Octopode Artificer began the quest for the
                  | Orb.
     0 | D:1      | Reached XP level 1. HP: 13/13 MP: 3/3
   169 | D:2      | Reached XP level 2. HP: 14/18 MP: 4/4
   210 | D:2      | Reached skill level 4 in Evocations
   210 | D:2      | Reached XP level 3. HP: 4/23 MP: 4/6
   510 | D:3      | Found a radiant altar of Vehumet.
   527 | D:3      | Noticed Terence
   651 | D:4      | Noticed Edmund
   754 | D:4      | Found an opulent altar of Gozag.
   771 | D:4      | Noticed Menkaure
   776 | D:4      | Killed Menkaure
   776 | D:4      | Reached skill level 5 in Stealth
   776 | D:4      | Reached skill level 5 in Evocations
   776 | D:4      | Reached XP level 4. HP: 28/28 MP: 7/7
   776 | D:4      | Reached XP level 5. HP: 33/33 MP: 8/8
   838 | D:4      | Killed Edmund
   838 | D:4      | Reached XP level 6. HP: 17/38 MP: 10/10
  1167 | D:4      | Reached skill level 6 in Evocations
  1291 | D:5      | Entered Level 5 of the Dungeon
  1304 | D:5      | Found a basalt altar of Yredelemnul.
  1346 | D:5      | Reached XP level 7. HP: 10/43 MP: 11/11
  1415 | D:5      | Found a staircase to the Ecumenical Temple.
  1415 | D:5      | Noticed Dowan
  1621 | D:5      | Noticed Duvessa
  1644 | D:5      | Killed Duvessa
  1644 | D:5      | Reached skill level 7 in Evocations
  1649 | D:5      | Killed Dowan
  1674 | Temple   | Entered the Ecumenical Temple
  1722 | Temple   | Became a worshipper of Ru the Awakened
  1733 | D:5      | Gained mutation: You cannot be stealthy. [Ru sacrifice]
  1785 | D:3      | Killed Terence
  1845 | D:3      | Noticed Natasha
  1851 | D:3      | Killed Natasha
  1851 | D:3      | Reached XP level 8. HP: 24/48 MP: 13/13
  2034 | D:3      | Found a runed translucent door.
  2175 | D:1      | Reached skill level 1 in Shields
  2706 | D:2      | Noticed Sigmund
  2713 | D:2      | Killed Sigmund
  2791 | D:2      | Noticed Jessica
  2796 | D:2      | Killed Jessica
  2809 | D:2      | Found an ornate altar of the Wu Jian Council.
  3074 | D:3      | Found a blossoming altar of Fedhas.
  3296 | D:3      | Found an opulent altar of Gozag.
  3317 | D:3      | Noticed Natasha
  3322 | D:3      | Killed Natasha
  3512 | D:3      | Noticed Natasha
  3518 | D:3      | Killed Natasha
  3593 | D:3      | Noticed Crazy Yiuf
  3684 | D:3      | Found a hide-covered altar of Uskayaw.
  3800 | D:3      | Killed Crazy Yiuf
  3843 | D:3      | HP: 2/51 [poisoned by Crazy Yiuf]
  3851 | D:3      | HP: 2/51 [poisoned by Crazy Yiuf]
  4222 | D:4      | Noticed Robin
  4244 | D:4      | Killed Robin
  4331 | D:5      | Noticed Grinder
  4340 | D:5      | Killed Grinder
  4340 | D:5      | Reached skill level 8 in Evocations
  4418 | D:5      | Gained mutation: You are somewhat unskilled. (-1 Apt) [Ru
                  | sacrifice]
  4418 | D:5      | Reduced skill Evocations to level 7
  4418 | D:5      | Reached * piety under Ru
  4418 | D:5      | Reached ** piety under Ru
  4501 | D:5      | Found a sparkling altar of Nemelex Xobeh.
  4673 | D:5      | Reached XP level 9. HP: 25/57 MP: 14/14
  5143 | D:5      | Found a shimmering blue altar of Sif Muna.
  5145 | D:5      | Found a shimmering altar of Xom.
  5145 | D:5      | Found a sacrificial altar of Ru.
  5395 | D:6      | Found Wufilybb's Food Boutique.
  5884 | D:6      | Noticed Eustachio
  5891 | D:6      | Killed Eustachio
  5891 | D:6      | Reached skill level 8 in Evocations
  6472 | D:6      | Gained mutation: You are somewhat inexperienced. (-2 XL)
                  | [Ru sacrifice]
  6472 | D:6      | Reached XP level 8. HP: 54/54 MP: 14/14
  6472 | D:6      | Reached XP level 7. HP: 49/49 MP: 13/13
  6472 | D:6      | Reached *** piety under Ru
  6472 | D:6      | Reached **** piety under Ru
  6676 | D:7      | Learned a level 3 spell: Spectral Weapon
  6695 | D:7      | Reached XP level 8. HP: 27/54 MP: 14/14
  6732 | D:7      | Noticed a hippogriff
  6757 | D:6      | Killed a hippogriff
  7046 | D:7      | Reached skill level 5 in Dodging
  7046 | D:7      | Reached skill level 1 in Hexes
  7048 | D:7      | Noticed Joseph
  7056 | D:7      | Reached skill level 1 in Charms
  7189 | D:7      | Killed Joseph
  7189 | D:7      | Reached skill level 5 in Fighting
  7272 | D:7      | Found Qesyesuuq's Distillery.
  7276 | D:7      | Bought a potion of heal wounds for 60 gold pieces
  7323 | D:7      | Found a white marble altar of Elyvilon.
  7452 | D:8      | Reached XP level 9. HP: 61/61 MP: 15/15
  7469 | D:8      | Noticed a two-headed ogre
  7505 | D:8      | Killed a two-headed ogre
  7505 | D:8      | Reached skill level 5 in Shields
  7656 | D:8      | Found a glowing golden altar of the Shining One.
  7663 | D:8      | Found a staircase to the Lair.
  7688 | D:8      | Reached skill level 9 in Evocations
  8169 | D:9      | Found a runed translucent door.
  8169 | D:9      | Noticed a sixfirhy
  8332 | D:9      | Found Enoc's Weapon Emporium.
  8396 | D:9      | Reached XP level 10. HP: 42/66 MP: 12/16
  8459 | D:9      | Found Xatish's Jewellery Boutique.
  8474 | D:9      | Noticed a two-headed ogre
  8478 | D:9      | Found Faghe's Antique Armour Emporium.
  8868 | D:9      | Got a steaming whip
  8869 | D:9      | Identified the +1 whip "Buogay" {speed, rPois rF+ MR+
                  | Str+4} (You found it on level 9 of the Dungeon)
  8883 | D:9      | Gained mutation: You are slightly vulnerable to magic.
                  | (MR-) [Ru sacrifice]
  8883 | D:9      | Reached ***** piety under Ru
  8902 | D:9      | Killed a two-headed ogre
  9033 | D:9      | Found a staircase to the Orcish Mines.
  9756 | D:9      | Noticed a three-headed hydra
  9761 | D:9      | Reached XP level 11. HP: 74/74 MP: 18/18
  9774 | D:9      | Killed a three-headed hydra
  9884 | D:9      | Learned a level 2 spell: Song of Slaying
  9888 | D:9      | Learned a level 3 spell: Ozocubu's Armour
  9909 | D:10     | Entered Level 10 of the Dungeon
  9913 | D:10     | Noticed Josephine
  9918 | D:10     | Killed Josephine
  9918 | D:10     | Reached skill level 1 in Ice Magic
  9918 | D:10     | Reached skill level 10 in Evocations
 10259 | D:10     | Noticed a deep elf archer
 10259 | D:10     | Noticed a flayed ghost
 10262 | D:10     | Found an ancient bone altar of Kikubaaqudgha.
 10262 | D:10     | Found a blossoming altar of Fedhas.
 10268 | D:10     | Killed a deep elf archer
 10273 | D:10     | Killed a flayed ghost
 10273 | D:10     | Reached skill level 5 in Charms
 10505 | D:10     | Noticed a two-headed ogre
 10534 | D:10     | Killed a two-headed ogre
 11068 | D:10     | Killed an unseen horror
 11359 | D:10     | Noticed Fannar
 11385 | D:10     | Killed Fannar
 11453 | D:10     | Reached XP level 12. HP: 39/81 MP: 19/19
 11732 | D:11     | Found Miklaco's Antique Armour Shop.
 12455 | D:11     | Gained mutation: You are vulnerable to magic. (MR--) [Ru
                  | sacrifice]
 12455 | D:11     | Reached ****** piety under Ru
 13458 | D:12     | Found a frozen archway.
 13471 | IceCv    | Entered an ice cave
 13959 | IceCv    | Gained mutation: You do not regenerate when monsters are
                  | visible. [potion of mutation]
 13959 | IceCv    | Gained mutation: Your mind is acute. (Int +2) [potion of
                  | mutation]
 15039 | IceCv    | Identified the +1 robe of Noughts and Crosses {rElec Regen+
                  | Str-2}
 16004 | D:12     | Found a portal to a secret trove of treasure.
 16035 | D:12     | Reached skill level 1 in Polearms
 16265 | D:12     | Noticed an ice dragon
 16334 | D:12     | Killed an ice dragon
 16334 | D:12     | Reached skill level 11 in Evocations
 16782 | D:12     | Found Ruvaoblo's Food Shop.
 17295 | Orc:1    | Entered Level 1 of the Orcish Mines
 17295 | Orc:1    | Noticed an orc warlord
 17301 | Orc:1    | Noticed Maurice
 17307 | Orc:1    | Killed Maurice
 17318 | D:9      | Killed an orc warlord
 17318 | D:9      | Reached XP level 13. HP: 33/86 MP: 13/21
 17548 | Orc:1    | Found Suukh's Gadget Emporium.
 17778 | Orc:1    | Noticed an ettin
 17810 | Orc:1    | HP: 3/86 [ettin/+0 dire flail (37)]
 17810 | Orc:1    | Annihilated by an ettin

Levels and vault maps discovered:
D:1:      sevenhm_arrival_forest_fort_small_3, layout_basic
D:2:      layout_loops_ring, lemuel_round_altar, first_ration, uniq_jessica,
          uniq_sigmund
D:3:      layout_basic, old_standard_altar, lemuel_crystal_altar,
          fiery_altar_vehumet, lemuel_round_altar, uniq_natasha, uniq_terence,
          uniq_crazy_yiuf_cottage
D:4:      layout_rooms, st_stairs_13,
          nicolae_gozag_cash_rules_everything_around_me, uniq_menkaure,
          uniq_robin, uniq_edmund
D:5:      layout_loops_corners, nemelex_xobeh_ov_fountains_minmay,
          grunt_temple_overflow_diamond, kennysheep_mini_moat,
          minmay_temple_entry_statues_pillars, minmay_misc_feat_cross,
          roderic_batcave, uniq_duvessa, uniq_grinder
D:6:      layout_gridville, serial_shops, shop, uniq_eustachio
D:7:      layout_cave_pools, kennysheep_little_box, serial_shops, shop,
          chequers_serial_rivers_large_a, uniq_joseph
D:8:      layout_basic, tso_metal_star, erik_lair_orcish_takeover
D:9:      cheibrodos_shockbox, layout_rooms, orc_0_dummy, serial_shops, shop,
          shop, shop, hangedman_ranch [blue_anna_fruit_fields], minivault_7
D:10:     layout_roguey, jmf_multi_god_temple, uniq_josephine, uniq_fannar
D:11:     layout_basic, serial_shops, shop
D:12:     minmay_ice_pillars, layout_stronghold,
          portal_ice_cave_entry_pillars_2, enter_trove_3, serial_shops,
          kennysheep_mini, minivault_12
Temple:   chequers_temple_sunken
Orc:1:    layout_caves, serial_shops, shop, minmay_orc_temple_c, uniq_maurice

Skill      XL: |  1  2  3  4  5  6  7  8  9 10 11 12 |
---------------+-------------------------------------+-----
Stealth        | 2 3 5 6 7 0 |  0.0
Evocations     | 4 5 6 7 7 9 10 11 | 11.2
Shields        | 3 5 6 7 9 |  9.2
Fighting       | 5 4 6 7 |  7.5
Dodging        | 5 4 6 7 8 |  8.0
Short Blades   | 0 |  0.8
Hexes          | 1 2 3 |  3.1
Charms         | 1 2 4 5 6 |  6.5
Ice Magic      | 2 3 |  3.1
Polearms       | 3 |  3.9

Action                   |  1- 3 |  4- 6 |  7- 9 | 10-12 | 13-15 || total
-------------------------+-------+-------+-------+-------+-------++-------
Melee: Short sword       |    31 |    11 |       |       |       ||    42
       Tentacles         |     7 |     7 |    84 |   211 |     7 ||   316
       Constrict         |     7 |     7 |    90 |    65 |     5 ||   174
       Flail             |       |    21 |   433 |    34 |       ||   488
       Whip              |       |       |       |   407 |       ||   407
       Trident           |       |       |       |   293 |    39 ||   332
 Cast: Ozocubu's Armour  |       |       |       |     1 |       ||     1
Invok: Power Leap        |       |       |     7 |    12 |       ||    19
       Sacrifice Stealth |       |       |     1 |       |       ||     1
       Sacrifice Experie |       |       |     1 |       |       ||     1
       Sacrifice Skill   |       |       |     1 |       |       ||     1
       Draw Out Power    |       |       |       |     8 |     1 ||     9
       Sacrifice Essence |       |       |       |     2 |       ||     2
       Apocalypse        |       |       |       |     3 |       ||     3
Evoke: Wand              |     2 |     8 |    22 |    53 |       ||    85
  Use: Potion            |       |     2 |     3 |     5 |       ||    10
       Scroll            |       |       |       |    16 |       ||    16
 Stab: Sleeping          |     5 |     4 |       |       |       ||     9
       Confused          |       |     1 |       |       |       ||     1
       Invisible         |       |       |     2 |     2 |       ||     4
       Distracted        |       |       |       |     4 |       ||     4
       Paralysed         |       |       |       |    81 |     4 ||    85
  Eat: Chunk             |       |     1 |    22 |    13 |       ||    36
       Ration            |       |       |       |     5 |     1 ||     6
Armor: Skin              |     4 |     9 |   116 |    53 |       ||   182
Dodge: Dodged            |    15 |    24 |   359 |   268 |    16 ||   682
Block: Buckler           |       |       |    93 |    48 |       ||   141
       Kite shield       |       |       |       |   193 |    19 ||   212
       Reflection        |       |       |       |     3 |       ||     3

Table legend:
 A = Non-vault XP
 B = Vault XP
 C = Vault XP percentage of total XP
 D = Non-vault monster count
 E = Vault monster count
 F = Vault count percentage of total count
                 A         B        C        D         E       F
            +---------+---------+-------+---------+---------+-------
      Total |   18251 |   18486 |  50.3 |     274 |     116 |  29.7
            +---------+---------+-------+---------+---------+-------
        D:1 |      33 |       0 |   0.0 |      13 |       0 |   0.0
        D:2 |      88 |     249 |  73.9 |      19 |       2 |   9.5
        D:3 |     240 |     115 |  32.4 |      28 |       3 |   9.7
        D:4 |     171 |     293 |  63.1 |      12 |      15 |  55.6
        D:5 |     791 |     525 |  39.9 |      27 |      12 |  30.8
        D:6 |    1353 |     211 |  13.5 |      27 |       1 |   3.6
        D:7 |     583 |     455 |  43.8 |      19 |       1 |   5.0
        D:8 |    1857 |     525 |  22.0 |      20 |       7 |  25.9
        D:9 |    4092 |    3515 |  46.2 |      27 |      25 |  48.1
       D:10 |    2196 |    5792 |  72.5 |      23 |      10 |  30.3
       D:11 |    3819 |       0 |   0.0 |      26 |       0 |   0.0
       D:12 |    1068 |    2982 |  73.6 |       7 |      14 |  66.7
      Orc:1 |    1960 |     845 |  30.1 |      26 |       9 |  25.7
      IceCv |       0 |    2979 | 100.0 |       0 |      17 | 100.0
            +---------+---------+-------+---------+---------+-------
